 Dungeon Crawl Stone Soup version 0.31-a0-1093-gadecf4124d (webtiles) character file.

Game seed: 808785692127926049

211 Bnni the Shooter (level 5, 0/27 HPs)
             Began as a Spriggan Hunter on Nov 29, 2023.
             Hit by a boomerang thrown by an orc (1 damage)
             ... on level 4 of the Dungeon.
             The game lasted 00:03:46 (2961 turns).

Bnni the Shooter (Spriggan Hunter)                  Turns: 2961, Time: 00:03:47

Health: 0/27       AC:  5    Str:  7    XL:     5   Next: 57%
Magic:  6/6        EV: 20    Int: 10    God:
Gold:   207        SH:  0    Dex: 21    Spells: 4/4 levels left

rFire   . . .        a - +0 shortbow
rCold   . . .        (shield currently unavailable)
rNeg    . . .        c - +0 robe
rPois   .            (helmet restricted)
rElec   .            x - +2 cloak
rCorr   +            (gloves unavailable)
SInv    +            (boots unavailable)
Will    .....        y - amulet of faith
Stlth   ++           e - ring of flight
HPRegen 0.24/turn    r - ring of resist corrosion
MPRegen 0.10/turn

%: faith
@: flying, very quick
A: very small, no large weapons, unfitting armour, see invisible, speed 3
a: no special abilities


You were on level 4 of the Dungeon.
You visited 1 branch of the dungeon, and saw 4 of its levels.

You collected 243 gold pieces.
You spent 36 gold pieces at shops.

Inventory:

Hand Weapons
 a - a +0 shortbow (weapon)
Missiles
 p - 9 poisoned darts
Armour
 c - a +0 robe (worn)
 x - a +2 cloak (worn)
Jewellery
 e - a ring of flight (left hand)
 r - a ring of resist corrosion (right hand)
 y - an amulet of faith (around neck)
Scrolls
 b - a scroll of butterflies
 d - a scroll of fog {unknown}
 f - a scroll of identify {unknown}
 h - 2 scrolls of enchant weapon {unknown}
 j - a scroll of brand weapon {unknown}
 m - 2 scrolls of revelation {unknown}
 o - 2 scrolls of enchant armour {unknown}
 s - a scroll of fear {unknown}
 v - 2 scrolls of blinking {unknown}
 w - a scroll of poison {unknown}
 B - a scroll of teleportation {unknown}
Potions
 g - 5 potions of curing
 i - a potion of lignification {unknown}
 k - a potion of cancellation {unknown}
 l - 3 potions of heal wounds {unknown}
 n - a potion of degeneration {unknown}
 q - a potion of enlightenment {unknown}
 t - a potion of attraction {unknown}
 u - a potion of haste {unknown}
 z - a potion of magic {unknown}
 A - 3 potions of brilliance {unknown}


   Skills:
 + Level 2.7 Fighting
 * Level 5.6 Ranged Weapons
 + Level 4.4 Dodging
 - Level 1.5 Stealth


You had 4 spell levels left.
You didn't know any spells.
Your spell library contained the following spells:

 Spells                   Type           Power      Damage    Failure   Level
 Cigotuvi's Dreadful Rot  Necr/Pois/Air  0%         N/A       50%         2
 Dazzling Flash           Conj/Hex       0%         N/A       75%         3
 Dispel Undead            Necr           0%         3d6       98%         4
 Agony                    Necr           0%         N/A       100%        5
 Silence                  Hex/Air        0%         N/A       100%        5
 Death Channel            Necr           0%         N/A       100%        6


Dungeon Overview and Level Annotations

Branches:
Dungeon (4/15)
 Temple: D:4-7

Altars:
Elyvilon
Nemelex Xobeh
Qazlal
Zin
The Shining One

Shops:
D:1 !   D:2 [


Innate Abilities, Weirdness & Mutations

You are very small and have problems with some larger weapons.
You are too small for most types of armour.
You have supernaturally acute eyesight. (SInv)
You cover ground extremely quickly. (Speed+++)


Message History

An orc comes into view. It is wielding a +0 club.
You shoot an arrow. The arrow hits the orc.
The orc shouts!
The orc is moderately wounded.
You shoot an arrow.
The arrow hits the orc but does no damage.
The orc is moderately wounded.
You shoot an arrow. The arrow completely misses the orc.
You shoot an arrow. The arrow closely misses the orc.
An orc comes into view. It is wielding a +0 flail.
You shoot an arrow. The arrow barely misses the orc.
The orc shouts!
You hear a shout!
You shoot an arrow. The arrow barely misses the orc.
The arrow hits the orc but does no damage.
The orc hits you but does no damage. The orc closely misses you.
You shoot an arrow. The arrow hits the orc.
The orc is almost dead.
An orc comes into view. It is wielding a +0 hand axe.
An orc priest comes into view. It is wielding a +0 trident.
The orc priest shouts!
The orc priest calls down the wrath of Beogh upon you.
Pain shoots through your body!
You see here a +0 leather armour.
You shoot an arrow. The arrow hits the orc.
You kill the orc!
The orc throws a boomerang.
The boomerang closely misses you.
The orc throws a boomerang.
The boomerang closely misses you.
You shoot an arrow. The arrow hits the orc priest.
The orc priest is moderately wounded.
You shoot an arrow.
The arrow hits the orc priest but does no damage.
The orc priest is lightly wounded.
The orc priest hits you from afar with a +0 trident!
You shoot an arrow. The arrow hits the orc priest!
The orc priest is almost dead.
The orc priest calls down the wrath of Beogh upon you.
Beogh smites you!
* * * LOW HITPOINT WARNING * * *
The orc throws a boomerang.
The boomerang hits you.
You die...

#..## ..#. #..# #..# #..#
##########..#
.[..........#
#######.###.###.########
# # .......@# #.#
#......... . .#
#######.###.# ##########
.#... ##.....## .....
#######.oo....# .....
.......[##.##.### #######
#....
#######).................
##... #..#<...######.####
..... .....?..#.##..# #.#
# ####. #######o.## ..#
#.# #


You could see an orc priest and an orc.

Vanquished Creatures
  Crazy Yiuf (D:3)
  A hound (D:3)
  Terence (D:2)
  3 adders
  3 worms
  4 dart slugs
  9 orcs
  6 ball pythons
  7 endoplasms
  4 giant cockroaches
  6 goblins
  6 hobgoblins
  2 jackals (D:4)
  2 quokkas
  6 bats
  5 frilled lizards
  7 kobolds
  7 rats
80 creatures vanquished.

Notes
Turn   | Place    | Note
-------+----------+-------------------------------------------
     0 | D:1      | Bnni the Spriggan Hunter began the quest for the Orb.
     0 | D:1      | Reached XP level 1. HP: 10/10 MP: 2/2
    91 | D:1      | Reached XP level 2. HP: 15/15 MP: 3/3
   357 | D:1      | Found Sisaop's Distillery.
   442 | D:1      | Bought a potion of curing for 36 gold pieces
   614 | D:1      | Reached XP level 3. HP: 18/18 MP: 4/4
   907 | D:2      | Noticed Terence
   926 | D:2      | Killed Terence
   975 | D:2      | Found Kuwiros's Antique Armour Shoppe.
  1102 | D:2      | Reached XP level 4. HP: 23/23 MP: 5/5
  1289 | D:2      | Reached skill level 5 in Ranged Weapons
  1695 | D:3      | Found a stormy altar of Qazlal.
  2090 | D:3      | Reached XP level 5. HP: 22/27 MP: 6/6
  2166 | D:3      | Found a sparkling altar of Nemelex Xobeh.
  2185 | D:3      | Found a runed translucent door.
  2186 | D:3      | Noticed Crazy Yiuf
  2251 | D:3      | Found a white marble altar of Elyvilon.
  2253 | D:3      | Found a glowing golden altar of the Shining One.
  2253 | D:3      | Found a glowing silver altar of Zin.
  2406 | D:3      | Found a faded altar of an unknown god.
  2480 | D:3      | Killed Crazy Yiuf
  2960 | D:4      | HP: 1/27 [orc priest/divine providence (13)]
  2961 | D:4      | Hit by a boomerang thrown by an orc

Illustrated notes

Levels and vault maps discovered:
D:1:      minmay_arrival_hallway, layout_basic, serial_shops,
          nicolae_shop_hallway_stairs
D:2:      layout_basic, serial_shops, shop, uniq_terence
D:3:      layout_rooms, dreamdust_divine_triumvirate,
          nemelex_diamond_rough_becter, amcnicky_altar_gilded,
          shapermc_ecumenical_altar_mp_vishouse, minmay_ruptured,
          uniq_crazy_yiuf_cottage
D:4:      layout_loops_ring, uniq_edmund

Skill      XL: |  1  2  3  4 |
---------------+-------------+-----
Dodging        | 3 4 |  4.4
Fighting       | 2 |  2.7
Ranged Weapons | 5 |  5.6
Stealth        | |  1.5

Action                     |  1- 3 |  4- 6 || total
---------------------------+-------+-------++-------
   Fire: Shortbow          |    84 |   147 ||   231
 Armour: Robe              |     4 |    17 ||    21
  Dodge: Dodged            |     8 |    30 ||    38

Table legend: (Time is in decaauts)
 A = Elapsed time spent in this place.
 B = Non-inter-level travel time spent in this place.
 C = Inter-level travel time spent in this place.
 D = Time resting spent in this place.
 E = Time spent auto-exploring this place.
 F = Levels seen in this place.
 G = Mean time per level.
                   A        B        C        D        E       F      G
               +--------+--------+--------+--------+--------+-----+--------+
         Total |   1997 |   1862 |    135 |     61 |   1333 |   4 |  499.2 |
       Dungeon |   1997 |   1862 |    135 |     61 |   1333 |   4 |  499.2 |
               +--------+--------+--------+--------+--------+-----+--------+

Top non-repeatable levels by time:
     D:3: 640 daAuts
     D:2: 614 daAuts
     D:1: 493 daAuts
     D:4: 249 daAuts
